Map: Proxima Station LE

Players

Musumeci - Winner!

  • Race: Zerg Zerg
  • League: Diamond
  • Spawn Location: 7:00

ENLINTAB

  • Race: Zerg Zerg
  • League: Diamond
  • Spawn Location: 1:00

VOD

Have the link to the VOD?

Description

Time

  • Played on: March 15, 2017, 5:20 a.m.
  • Length: 4:24
Show
View Real Time Build Order
Export as new Build Order

Musumeci Zerg - Winner!

Build Orders: Pool First 

Get SALT Encoding   

  12  0:01  Drone  
  13  0:08  Drone  
  14  0:14  Extractor  
  14  0:16  Drone  
  15  0:26  Overlord  
  15  0:44  Drone x2  
  15  0:45  Drone  
  18  0:53  Spawning Pool  
  18  0:56  Extractor  
  16  0:57  Drone  
  17  1:23  Hatchery  
  16  1:29  Evolution Chamber  
  16  1:31  Drone  
  16  1:35  Drone  
  17  1:40  Drone  
  19  1:48  Evolution Chamber  
  19  1:53  Queen  
  20  1:57  Zergling x2  
  21  2:04  Metabolic Boost  
  21  2:08  Zergling x2  
  22  2:20  Overlord  
  22  2:27  Baneling Nest  
  20  2:38  Zergling x8  
  23  2:52  Zergling x4  
  25  3:08  Zergling x8  
  29  3:18  Queen  
  31  3:32  Baneling x4  
  31  3:35  Zergling x4  
  32  4:01  Zergling x8  
Show
View Real Time Build Order
Export as new Build Order

ENLINTAB Zerg 

Build Orders: Pool First 

Get SALT Encoding   

  12  0:01  Drone  
  13  0:12  Overlord  
  13  0:17  Drone  
  14  0:34  Drone  
  15  0:39  Spawning Pool  
  15  0:41  Drone  
  15  0:46  Drone  
  15  0:49  Drone  
  17  0:57  Drone  
  18  1:16  Hatchery  
  17  1:22  Extractor  
  16  1:28  Zergling x4  
  16  1:29  Zergling x2  
  19  1:36  Extractor  
  19  1:39  Queen  
  21  1:44  Overlord  
  21  1:52  Extractor  
  20  2:00  Zergling x2  
  21  2:08  Zergling x2  
  21  2:14  Queen  
  25  2:22  Zergling x2  
  25  2:23  Zergling x2  
  26  2:35  Drone x2  
  26  2:45  Drone  
  26  2:47  Overlord  
  26  2:48  Drone x3  
  29  3:00  Baneling Nest  
  27  3:09  Drone x3  
  27  3:12  Drone  
  31  3:14  Drone  
  32  3:22  Drone  
  33  3:30  Overlord  
  32  3:47  Zergling x4  
  32  3:48  Zergling x4  
  31  3:50  Zergling x2  
  31  3:51  Zergling x4  
  31  3:55  Zergling x6  
  33  3:56  Drone  
Tags
 
Add a new tag
Caveats
  • Supply blocks, unpowered buildings, or Contaminate may cause inaccurate times.
  • Supply counts are checked every 10 seconds.